 Dungeon Crawl Stone Soup version 0.32-a0-931-g5a2cda0630 (webtiles) character file.

Game seed: 4276695443028536658

4088 Chimkentus the Apothecary (level 10, -3/93 HPs)
             Began as an Octopode Alchemist on Apr 13, 2024.
             Was an Elder of Okawaru.
             Slain by a shadow (15 damage)
             ... on level 10 of the Dungeon.
             The game lasted 00:41:52 (9625 turns).

Chimkentus the Apothecary (Octopode Alchemist)      Turns: 9625, Time: 00:41:52

Health: -3/93      AC: 29    Str:  7    XL:     10   Next: 26%
Magic:  18/18      EV:  2    Int: 23    God:    Okawaru [****..]
Gold:   372        SH:  0    Dex: 12    Spells: 12/19 levels left

rFire   . . .        p - +0 scythe (protect)
rCold   . . .        (shield currently unavailable)
rNeg    . . .        (helmet currently unavailable)
rPois   +            f - amulet of the acrobat
rElec   .            k - ring of flight
rCorr   .            C - ring of poison resistance
SInv    .            G - +4 ring of protection
Will    .....        (no ring)
Stlth   +++          (no ring)
HPRegen 0.35/turn    (no ring)
MPRegen 0.16/turn    (no ring)
                     (no ring)

%: acrobat
@: tree-form
A: stationary, stasis, torment immunity, boosted hp, almost no armour,
(amphibious), 8 rings, (camouflage 1), (gelatinous body 1), (nimble swimmer 1),
(tentacles)
a: Renounce Religion, Heroism, Finesse


You were on level 10 of the Dungeon.
You worshipped Okawaru.
Okawaru was greatly pleased with you.
You were a tree.
You visited 2 branches of the dungeon, and saw 11 of its levels.

You collected 490 gold pieces.
You spent 118 gold pieces at shops.

Inventory:

Hand Weapons
 p - a +0 scythe of protection (weapon)
 u - a +0 sling
 v - a +2 war axe of freezing
 B - a +4 quarterstaff of chaos
Missiles
 g - 23 poisoned darts (quivered)
 t - 8 boomerangs
 H - 2 curare-tipped darts
Jewellery
 f - an amulet of the acrobat (around neck)
 h - a ring of ice
 k - a ring of flight (left branch)
 x - a ring of fire
 C - a ring of poison resistance (right branch)
 G - a +4 ring of protection (on tentacle)
Wands
 e - a wand of warping (1)
 w - a wand of acid (7)
Scrolls
 b - 2 scrolls of enchant armour
 i - a scroll of blinking
 l - a scroll of amnesia
 m - 2 scrolls of vulnerability
 o - 2 scrolls of immolation
 q - 3 scrolls of teleportation
 r - 3 scrolls of poison
 y - a scroll of revelation
 A - a scroll of fog
 E - a scroll of butterflies {unknown}
Potions
 a - a potion of magic
 c - 4 potions of mutation
 d - a potion of enlightenment
 n - a potion of cancellation
 F - a potion of heal wounds {unknown}


   Skills:
 + Level 2.9 Fighting
 + Level 5.9 Polearms
 + Level 0.5 Ranged Weapons
 + Level 1.2 Throwing
 + Level 3.2 Dodging
 + Level 6.5 Stealth
 + Level 0.6 Unarmed Combat
 * Level 5.4 Spellcasting
 + Level 5.4 Conjurations
 + Level 1.9 Air Magic
 * Level 7.4 Alchemy
 * Level 5.9 Invocations
 + Level 0.6 Evocations


You had 12 spell levels left.
You knew the following spells:

 Your Spells              Type           Power      Damage    Failure   Level
b - Mephitic Cloud        Conj/Alch/Air  29%        N/A       3%          3
c - Olgreb's Toxic Radia  Alch           40%        N/A       4%          4

Your spell library contained the following spells:

 Spells                   Type           Power      Damage    Failure   Level
 Sting                    Conj/Alch      100%       1d9       1%          1
 Mercury Vapours          Alch/Air       54%        N/A       1%          2
 Apportation              Tloc           12%        N/A       9%          1
 Necrotise                Necr           24%        1d5       9%          1
 Sticky Flame             Fire/Alch      23%        2d6       19%         4
 Summon Small Mammal      Summ           Unusable   N/A       N/A         1

Dungeon Overview and Level Annotations

Branches:
Dungeon (10/15)            Temple (1/1) D:5
   Lair: D:8-11         Orc: D:9-12

Altars:
Ashenzari
Cheibriados
Dithmenos
Fedhas
Gozag
Hepliaklqana
Kikubaaqudgha
Makhleb
Nemelex Xobeh
Okawaru
Qazlal
Ru
Sif Muna
Uskayaw
Vehumet
Wu Jian
Xom
Yredelemnul
Zin
The Shining One

Shops:
D:7 *   D:8 :

Annotations:
D:6 2 exclusions
D:9 Joseph


Innate Abilities, Weirdness & Mutations

You are a tree.
Your roots penetrate the ground, keeping you stationary.
You cannot be teleported.
You are immune to unholy pain and torment.
Your maximum health is greatly increased.
You cannot wear most types of armour.
((You are amphibious.))
You can wear up to eight rings at the same time.
((Your skin changes colour to match your surroundings (Stealth+).))
((Your rubbery body absorbs attacks. (AC +1, EV +1)))
((You are camouflaged when in or above water. (Stealth+)))
((You have tentacles for arms and can constrict up to eight enemies at once.))


Message History

The shadow misses you. The shadow hits you.
You hit the shadow but do no damage. Your squeeze misses the shadow.
The shadow is moderately damaged.
The shadow slips into darkness.
The shadow flickers and vanishes!
Deactivating autopickup; reactivate with Ctrl-A.
You puncture something! Your squeeze misses something.
The shadow strikes at you from the darkness!
* * * LOW HITPOINT WARNING * * *
Reactivating autopickup.
You barely miss the shadow.
The shadow is heavily damaged.
The shadow slips into darkness.
The shadow flickers and vanishes!
Deactivating autopickup; reactivate with Ctrl-A.
You miss something.
The shadow strikes at you from the darkness!
* * * LOW HITPOINT WARNING * * *
Reactivating autopickup.
You turn into a tree.
Your roots penetrate the ground.
The shadow hits you.
* * * LOW HITPOINT WARNING * * *
You barely miss the shadow.
The shadow is heavily damaged.
The shadow hits you!
* * * LOW HITPOINT WARNING * * *
The shadow hits you.
You barely miss the shadow.
The shadow is heavily damaged.
The shadow slips into darkness.
The shadow flickers and vanishes!
Deactivating autopickup; reactivate with Ctrl-A.
You cannot move.
You cannot move.
You cannot move.
There is a strange disturbance nearby!
There is a strange disturbance nearby!
There is a strange disturbance nearby!
You miss something.
The shadow strikes at you from the darkness!
You die...

.. ..# #.## ..#
..# ..# ##.# ..#
#..# .. #.## #.
#.# #{##.#
#####.♣..###.##
#............>.#
#......[...#.#.#
#..........# ..
#..........# .#
#..........# .#
#..........# #
#..........#
..........#


There were no monsters in sight!

Vanquished Creatures
  Pikel (D:9)
  Maggie (D:9)
  Sigmund (D:2)
  A wyvern (D:7)
  3 yaks (D:8)
  Menkaure (D:5)
  2 water moccasins
  An ice beast (D:7)
  An orc warrior (D:8)
  2 black bears
  4 centaurs
  2 kobold brigands (D:8)
  A lemure (D:9)
  3 phantoms
  4 bullfrogs
  2 scorpions
  4 howler monkeys
  3 orc priests (D:6)
  A bombardier beetle (D:5)
  2 hounds (D:5)
  Crazy Yiuf (D:5)
  A jelly (D:4)
  A gnoll bouda (D:8)
  Jessica (D:2)
  3 sleepcaps (D:6)
  An iguana (D:5)
  3 orc wizards (D:8)
  4 adders
  7 gnolls
  A shadow imp (D:7)
  A white imp (D:6)
  2 ufetubi (D:5)
  2 ribbon worms
  26 orcs
  7 ball pythons
  13 bats
  5 endoplasms
  10 giant cockroaches
  10 goblins
  9 hobgoblins
  4 jackals
  2 quokkas
  3 frilled lizards
  21 kobolds
  2 rats
180 creatures vanquished.

Notes
Turn   | Place    | Note
-------+----------+-------------------------------------------
     0 | D:1      | Chimkentus the Octopode Alchemist began the quest for the
                  | Orb.
     0 | D:1      | Reached XP level 1. HP: 11/11 MP: 3/3
    13 | D:1      | You fall into a shaft and drop 1 floor!
   175 | D:1      | Reached XP level 2. HP: 17/17 MP: 3/5
   638 | D:1      | Reached XP level 3. HP: 21/21 MP: 3/6
   642 | D:1      | Learned a level 3 spell: Mephitic Cloud
  1043 | D:2      | Noticed Jessica
  1050 | D:2      | Killed Jessica
  1051 | D:2      | Reached skill level 4 in Alchemy
  1051 | D:2      | Reached XP level 4. HP: 27/27 MP: 1/8
  1630 | D:2      | Found an iron altar of Okawaru.
  1687 | D:2      | Noticed Sigmund
  2042 | D:3      | Learned a level 4 spell: Olgreb's Toxic Radiance
  2170 | D:3      | Noticed a phantom
  2392 | D:2      | Killed Sigmund
  2393 | D:2      | Reached XP level 5. HP: 24/31 MP: 3/10
  2393 | D:2      | Reached XP level 6. HP: 28/36 MP: 3/11
  2401 | D:2      | Became a worshipper of Warmaster Okawaru
  3138 | D:4      | Reached skill level 1 in Invocations
  3564 | D:4      | Found an ornate altar of the Wu Jian Council.
  3564 | D:4      | Found a hide-covered altar of Uskayaw.
  3693 | D:4      | Reached XP level 7. HP: 42/42 MP: 5/12
  4485 | D:5      | Entered Level 5 of the Dungeon
  4570 | D:5      | Found a stormy altar of Qazlal.
  4599 | D:5      | Found a staircase to the Ecumenical Temple.
  4637 | D:5      | Reached skill level 1 in Polearms
  4637 | D:5      | Reached skill level 1 in Throwing
  4729 | D:5      | Reached * piety under Okawaru
  5212 | D:5      | Noticed Menkaure
  5597 | D:5      | Reached skill level 5 in Alchemy
  5731 | D:5      | Found a runed translucent door.
  5732 | D:5      | Noticed Crazy Yiuf
  5740 | D:5      | Killed Crazy Yiuf
  5741 | D:5      | Reached XP level 8. HP: 47/47 MP: 8/13
  5850 | Temple   | Entered the Ecumenical Temple
  5889 | D:6      | Reached skill level 1 in Fighting
  5889 | D:6      | Reached skill level 1 in Air Magic
  6121 | D:6      | Reached skill level 5 in Stealth
  6196 | D:6      | Reached ** piety under Okawaru
  6510 | D:6      | Found a shadowy altar of Dithmenos.
  6903 | D:5      | Killed Menkaure
  7301 | D:7      | Noticed a wyvern
  7308 | D:7      | Killed a wyvern
  7309 | D:7      | Reached skill level 6 in Alchemy
  7309 | D:7      | Reached XP level 9. HP: 40/54 MP: 8/15
  7784 | D:7      | Found Aklut's General Store.
  7793 | D:7      | Bought a potion of enlightenment for 80 gold pieces
  7793 | D:7      | Bought a wand of warping (1) for 38 gold pieces
  8109 | D:8      | Reached skill level 5 in Invocations
  8111 | D:8      | Reached *** piety under Okawaru
  8313 | D:8      | Reached skill level 5 in Polearms
  8377 | D:8      | Found Viusicir's Tremendous Tomes.
  8397 | D:8      | Found a basalt altar of Yredelemnul.
  8549 | D:8      | Reached skill level 7 in Alchemy
  8573 | D:8      | Reached skill level 5 in Conjurations
  8849 | D:8      | Reached XP level 10. HP: 44/61 MP: 0/17
  9227 | D:9      | Noticed Joseph
  9227 | D:9      | Noticed Pikel
  9246 | D:9      | Killed Pikel
  9247 | D:9      | Reached skill level 5 in Spellcasting
  9256 | D:9      | Found the +2 ratskin cloak {*Rats rPois rN+ Str-1 Int-1
                  | Dex+1}
  9314 | D:9      | Found an opulent altar of Gozag.
  9353 | D:9      | Reached **** piety under Okawaru
  9399 | D:9      | Noticed Maggie
  9402 | D:9      | Noticed a manticore
  9408 | D:9      | Killed Maggie
  9416 | D:10     | Entered Level 10 of the Dungeon
  9625 | D:10     | Slain by a shadow

Illustrated notes

Levels and vault maps discovered:
D:1:      dpeg_arrival_boxes_within_box, layout_basic
D:2:      layout_basic, basic_altar, uniq_sigmund, uniq_jessica
D:3:      layout_loops_cross, mrwooster_statue_mirror, hex_large
D:4:      layout_loops_ring, gammafunk_temple_overflow_elements,
          serial_co_window_serial, co_window_of_opportunity_a,
          co_window_of_opportunity_a, co_window_paths_a, co_window_paths_b,
          co_window_paths_a, co_window_paths_a, co_window_cross_1,
          co_window_2corner, co_window_broadway_c, co_window_corner_b,
          co_window_sun, co_window_4corner_a, glass_columns_c, glass_columns_c
D:5:      layout_basic, mainiacjoe_overflow_alcove_2,
          minmay_temple_entry_arrows, uniq_crazy_yiuf_cottage, uniq_menkaure
D:6:      layout_gridville, overflow_temple_1_default, serial_glass,
          glass_columns_a, glass_columns_c, minmay_strange_pillars,
          item_on_display_a, item_on_display_a, item_on_display_a
D:7:      layout_basic, serial_shops, shop, minmay_door_square
D:8:      layout_cave_pools, yredelemnul_altar_generic,
          nicolae_shop_i_like_big_books, dk_noncrumbling_4
D:9:      kennysheep_big_flooded_room, layout_irregular_city, tgw_trog,
          nicolae_gozag_cash_rules_everything_around_me, uniq_joseph,
          uniq_maggie, uniq_pikel
D:10:     layout_rooms, mainiacjoe_overflow_alcove_4,
          ebering_ghost_disaster_area, kennysheep_nub
Temple:   compressed_dpeg_circular_temple

Skill      XL: |  1  2  3  4  5  6  7  8  9 10 |
---------------+-------------------------------+-----
Conjurations   | 2 3 4 5 |  5.4
Alchemy        | 4 5 6 7 |  7.4
Stealth        | 3 4 5 6 |  6.5
Spellcasting   | 3 4 5 |  5.4
Invocations    | 1 2 4 5 |  5.9
Polearms       | 2 3 5 |  5.9
Throwing       | 1 |  1.2
Fighting       | 2 |  2.9
Air Magic      | 1 |  1.9
Dodging        | 3 |  3.2
Ranged Weapons | |  0.5
Unarmed Combat | |  0.6
Evocations     | |  0.6

Action                     |  1- 3 |  4- 6 |  7- 9 | 10-12 || total
---------------------------+-------+-------+-------+-------++-------
  Melee: Unarmed           |    16 |    15 |       |       ||    31
         Constrict         |     9 |    13 |    34 |     2 ||    58
         Tentacles         |     3 |    11 |    24 |     1 ||    39
         Punch             |       |     1 |       |       ||     1
         Halberd           |       |    50 |   172 |    33 ||   255
   Fire: Sling             |       |       |     6 |       ||     6
  Throw: Throwing net      |       |     1 |       |       ||     1
         Dart              |       |     8 |    18 |       ||    26
   Cast: Sting             |    47 |    69 |    49 |       ||   165
         Mephitic Cloud    |     1 |     6 |    32 |     4 ||    43
         Olgreb's Toxic Ra |       |       |    15 |     2 ||    17
  Evoke: Wand              |       |       |     3 |       ||     3
    Use: Scroll            |       |     3 |    11 |     6 ||    20
         Potion            |       |     1 |     2 |     2 ||     5
   Stab: Confused          |       |     3 |    11 |     4 ||    18
         Sleeping          |       |     1 |     6 |       ||     7
         Distracted        |       |       |     1 |       ||     1
 Armour: Skin              |     6 |    27 |    79 |    34 ||   146
  Dodge: Dodged            |    10 |    38 |    71 |    12 ||   131

Table legend: (Time is in decaauts)
 A = Elapsed time spent in this place.
 B = Non-inter-level travel time spent in this place.
 C = Inter-level travel time spent in this place.
 D = Time resting spent in this place.
 E = Time spent auto-exploring this place.
 F = Levels seen in this place.
 G = Mean time per level.
                   A        B        C        D        E       F      G
               +--------+--------+--------+--------+--------+-----+--------+
         Total |   9708 |   9153 |    555 |    339 |   7309 |  11 |  882.5 |
       Dungeon |   9706 |   9151 |    555 |    339 |   7309 |  10 |  970.6 |
        Temple |      1 |      1 |      0 |      0 |      0 |   1 |    1.0 |
               +--------+--------+--------+--------+--------+-----+--------+

Top non-repeatable levels by time:
     D:5: 1489 daAuts
     D:4: 1373 daAuts
     D:2: 1166 daAuts
     D:6: 1153 daAuts
     D:8: 1139 daAuts
     D:1: 1079 daAuts
     D:7: 1002 daAuts
     D:3: 892 daAuts
    D:10: 210 daAuts
     D:9: 199 daAuts
  Temple: 1 daAuts
